 Dungeon Crawl Stone Soup version 0.29.0-4-gdea44cf6ec (webtiles) character file.

Game seed: 17157261847100242242

9833 qw the Severer (level 11, -59/95 (97) HPs)
             Began as a Minotaur Fighter on Sept 6, 2022.
             Was an Elder of Ru.
             Killed from afar by an ancient lich (97 damage)
             ... with a crystal spear
             ... on level 3 of the Abyss.
             The game lasted 00:03:36 (10840 turns).

qw the Severer (Minotaur Fighter)                  Turns: 10840, Time: 00:03:37

HP:   -59/95 (97)   AC: 18    Str: 25    XL:     11   Next: 28%
MP:   0/10          EV:  6    Int:  5    God:    Ru [****..]
Gold: 306           SH:  5    Dex: 13    Spells: 10/10 levels left

rFire   + . .      SeeInvis .   o - +3 war axe (freeze)
rCold   + . .      Faith    .   c - +0 buckler
rNeg    . . .      Spirit   +   v - +0 plate armour
rPois   +          Reflect  .   (helmet restricted)
rElec   .          Harm     .   (no cloak)
rCorr   .          Rampage  .   q - +0 pair of gloves
Will    .....                   (no boots)
Stlth   ..........              l - amulet of guardian spirit
HPRegen 0.25/turn               m - +4 ring of protection
MPRegen 0.12/turn               r - ring of Xiepotz {rPois rF+ rC+ Dex+3}

@: lightly drained
A: horns 2, hated by all, inability to train dodging, unskilled 1, retaliatory
headbutt
a: Renounce Religion, Draw Out Power, Power Leap


You were on level 3 of the Abyss.
You worshipped Ru.
Ru was greatly pleased with you.
You visited 1 branch of the dungeon, and saw 10 of its levels.
You visited the Abyss 1 time.

You collected 536 gold pieces.
You spent 230 gold pieces at shops.


Innate Abilities, Weirdness & Mutations

You have a pair of horns on your head.
You are hated by all.
You cannot train Dodging skill.
You are somewhat unskilled. (-1 Apt)
You reflexively headbutt those who attack you in melee.


   Skills:
 - Level 9.0 Fighting
 + Level 15.3 Axes
 - Level 1.7 Throwing
 - Level 7.0 Armour
 - Level 5.3 Shields


You had 10 spell levels left.
You didn't know any spells.
Your spell library was empty.

Inventory:

Hand Weapons
 j - a +0 morningstar
 o - a +3 war axe of freezing (weapon)
Missiles
 n - 6 boomerangs (quivered)
Armour
 c - a +0 buckler (worn)
 q - a +0 pair of gloves (worn)
 v - a +0 plate armour (worn)
Jewellery
 f - a ring of protection from fire
 k - the ring of the Gazing Priest {Fire rElec rN++ MP+9 Dex-4}
   (You found it on level 8 of the Dungeon)

   [ring of fire]

   It enhances your fire magic.
   Dex:       It affects your dexterity (-4).
   rF:        It protects you from fire.
   rC:        It makes you vulnerable to cold.
   rElec:     It insulates you from electricity.
   rN:        It greatly protects you from negative energy.
   MP:        It affects your magic capacity (+9).
 l - an amulet of guardian spirit (around neck)
 m - a +4 ring of protection (left hand)
 r - the ring of Xiepotz (right hand) {rPois rF+ rC+ Dex+3}
   (You took it off a goblin on level 4 of the Dungeon)

   [ring of protection from cold]

   Dex:       It affects your dexterity (+3).
   rF:        It protects you from fire.
   rC:        It protects you from cold.
   rPois:     It protects you from poison.
 Y - a ring of willpower
Wands
 e - a wand of digging (4)
Scrolls
 a - 7 scrolls of identify
 g - 2 scrolls of teleportation
Potions
 b - a potion of mutation
 d - a potion of might
 h - 6 potions of curing
 i - a potion of haste
 p - a potion of resistance

Dungeon Overview and Level Annotations

Branches:
Dungeon (10/15)            Temple (0/1) D:4
   Lair: D:8-11         Orc: D:9-12

Altars:
Ashenzari
Gozag
Kikubaaqudgha
Makhleb
Ru
Trog
Uskayaw
Zin

Shops:
D:4 ?:*!   D:8 (

Portals:
Bailey: D:9

Annotations:
D:4 2 runed translucent doors, qw's ghost, amateur MiFi
D:6 1 runed translucent door, Crazy Yiuf


Message History

You destroy the ancient zyme!
Your Fighting skill increases to level 9!
You see here a raiju corpse.
You slash the large abomination! You freeze the large abomination.
The large abomination is moderately damaged.
You hit something but do no damage.
Something touches you but does no damage.
The large abomination hits you!
You hit the large abomination. You freeze the large abomination.
You headbutt the large abomination, but do no damage.
The large abomination is heavily damaged.
You hit something.
Something touches you but does no damage.
You block the large abomination's attack.
You barely miss the large abomination. You headbutt the large abomination.
The large abomination is heavily damaged.
You barely miss something.
Something touches you but does no damage.
You barely miss the large abomination. You headbutt the large abomination.
The large abomination is heavily damaged.
You hit something but do no damage.
Something touches you but does no damage.
The large abomination hits you.
You slice the large abomination!! You freeze the large abomination.
You destroy the large abomination!
You miss something.
You hear a screech!
Something touches you but does no damage. x2
You hit something but do no damage.
You hear some strange, mumbled words.
A crystal spear appears from out of thin air!
The crystal spear misses you.
You hit something but do no damage. Something touches you!
You feel drained.
You miss something.
You hear some strange, mumbled words.
A crystal spear appears from out of thin air!
The crystal spear hits you!!!!
Ouch! That really hurt!
You die...

. ..#.. # .
# #.#.. ...
##...#.#. .
# .##....#
## #.. .#.
.# ..#.# #
.# ..... #
..# #.### .
.##.#@# #..
#
#...#{##...#
.# .... .#
#.###>.#...#
#.# #...####
# ##### .


There were no monsters in sight!

Vanquished Creatures
  A two-headed ogre (D:8)
  A large abomination (Abyss:3)
  Pikel (D:6)
  A wizard (D:10)
  5 gargoyles
  An ancient zyme (Abyss:3)
  A troll (D:10)
  Grinder (D:4)
  3 raiju (Abyss:3)
  5 yaks (D:8)
  A vampire (D:9)
  A wyvern (D:7)
  2 neqoxecs (Abyss:3)
  Menkaure (D:6)
  Duvessa (D:4)
  4 orc warriors
  2 black bears
  2 sky beasts
  4 ogres
  4 kobold brigands
  A phantom (D:6)
  Blork the orc (D:4)
  3 bullfrogs
  A gnoll sergeant (D:7)
  3 scorpions (D:7)
  3 necrophages
  8 wights (D:7)
  Dowan (D:4)
  4 killer bees (D:8)
  2 howler monkeys (D:9)
  4 hounds
  A jelly (D:5)
  2 orc priests
  2 gnoll boudas
  4 orc wizards
  2 iguanas
  6 adders
  13 gnolls
  An ufetubus (D:5)
  5 dart slugs
  17 orcs
  3 bats
  9 endoplasms
  A giant cockroach (D:3)
  10 goblins
  6 hobgoblins
  3 jackals (D:3)
  24 kobolds
  3 quokkas
  6 ball pythons
  3 frilled lizards
  3 rats
197 creatures vanquished.

Vanquished Creatures (others)
  A gargoyle (D:7)
  A yak (D:8)
2 creatures vanquished.

Grand Total: 199 creatures vanquished

Notes
Turn   | Place    | Note
-------+----------+-------------------------------------------
     0 | D:1      | qw the Minotaur Fighter began the quest for the Orb.
     0 | D:1      | Reached XP level 1. HP: 19/19 MP: 0/0
     0 | D:1      | 0 ||| qw: Version: 0.1-a-108-g9e35731
     0 | D:1      | 0 ||| qw: Game counter: 6293
     0 | D:1      | 0 ||| qw: Always use a shield: true
     0 | D:1      | 0 ||| qw: God list: Ru
     0 | D:1      | 0 ||| qw: Allow faded altars: false
     0 | D:1      | 0 ||| qw: Do Orc after D:15 true
     0 | D:1      | 0 ||| qw: Do second Lair branch before Depths: true
     0 | D:1      | 0 ||| qw: Lair rune preference: random
     0 | D:1      | 0 ||| qw: Plans: Normal
     0 | D:1      | 0 ||| PLANNING D:1-11
    25 | D:1      | Found a faded altar of an unknown god.
    29 | D:1      | 29 ||| Stepping ~*~*~tactically~*~*~ (hiding).
    73 | D:1      | 73 ||| Stepping ~*~*~tactically~*~*~ (stealth).
   100 | D:1      | 100 ||| Stepping ~*~*~tactically~*~*~ (stealth).
   107 | D:1      | Reached skill level 3 in Axes
   306 | D:1      | 306 ||| Stepping ~*~*~tactically~*~*~ (stealth).
   310 | D:1      | 310 ||| Stepping ~*~*~tactically~*~*~ (stealth).
   343 | D:1      | Reached XP level 2. HP: 26/26 MP: 1/1
   539 | D:1      | 539 ||| Stepping ~*~*~tactically~*~*~ (hiding).
   674 | D:1      | Reached skill level 4 in Axes
   950 | D:1      | 950 ||| UPGRADING to ring of protection from fire.
   951 | D:1      | 951 ||| READING scroll labelled ZOEQUXA ZERYT.
   954 | D:1      | 954 ||| READING scroll labelled JINU NEGHUSS.
   955 | D:1      | 955 ||| READING scroll labelled XAM PYQ TAPYTZ.
   956 | D:1      | 956 ||| READING scroll labelled BIDWYT MIONAWK.
  1098 | D:1      | 1098 ||| DRINKING 2 dark potions.
  1208 | D:2      | Reached XP level 3. HP: 31/31 MP: 2/2
  1462 | D:2      | Reached skill level 5 in Axes
  1905 | D:2      | 1905 ||| DROPPING +0 mace.
  1973 | D:2      | Reached skill level 1 in Dodging
  2047 | D:2      | 2047 ||| READING 2 scrolls labelled KOCEEN DENA XEAF.
  2048 | D:2      | 2048 ||| READING scroll labelled CIDEXO CEOCRASH.
  2049 | D:2      | 2049 ||| READING scroll labelled DOG UHOILYLAO.
  2067 | D:3      | Reached XP level 4. HP: 25/39 MP: 3/3
  2067 | D:3      | 2067 ||| STAIRDANCE
  2286 | D:3      | Noticed a +0 dagger
  2286 | D:3      | Noticed a +0 short sword
  2286 | D:3      | Noticed a +0 falchion
  2287 | D:3      | Noticed a +0 spear
  2289 | D:3      | Noticed a +0 dagger
  2292 | D:3      | Noticed a +0 short sword
  2298 | D:3      | Noticed a +0 falchion
  2301 | D:3      | Noticed a +0 spear
  2356 | D:3      | Found a hide-covered altar of Uskayaw.
  2404 | D:3      | 2404 ||| Stepping ~*~*~tactically~*~*~ (hiding).
  2914 | D:3      | Found an opulent altar of Gozag.
  3049 | D:3      | 3049 ||| UPGRADING to amulet of guardian spirit.
  3054 | D:3      | 3054 ||| READING scroll labelled LYTATICOTICW.
  3055 | D:3      | 3055 ||| READING scroll labelled QANERAZ LOUTESUU.
  3056 | D:3      | 3056 ||| DRINKING 2 lumpy emerald potions.
  3057 | D:3      | 3057 ||| READING 3 scrolls of identify.
  3057 | D:3      | 3057 ||| IDENTIFYING white potion
  3058 | D:3      | 3058 ||| READING 2 scrolls of identify.
  3058 | D:3      | 3058 ||| IDENTIFYING silvery potion
  3059 | D:3      | 3059 ||| DROPPING potion of degeneration.
  3075 | D:4      | Noticed a necrophage
  3083 | D:4      | Killed a necrophage
  3084 | D:4      | Reached skill level 6 in Axes
  3084 | D:4      | Reached XP level 5. HP: 42/45 MP: 4/4
  3123 | D:4      | Noticed an ogre
  3131 | D:4      | HP: 11/45 [ogre/+0 giant spiked club (34)]
  3132 | D:4      | 3132 ||| DRINKING potion of heal wounds.
  3134 | D:4      | Killed an ogre
  3135 | D:4      | Reached skill level 7 in Axes
  3141 | D:4      | Noticed Duvessa
  3142 | D:4      | 3142 ||| FLEEEEING.
  3329 | D:4      | 3329 ||| Stepping ~*~*~tactically~*~*~ (stealth).
  3337 | D:4      | Killed Duvessa
  3338 | D:4      | Reached XP level 6. HP: 42/55 MP: 5/5
  3475 | D:4      | Found a large runed translucent door.
  3528 | D:4      | Found Idykk's Book Boutique.
  3550 | D:4      | Found an ancient bone altar of Kikubaaqudgha.
  3583 | D:4      | Noticed Dowan
  3601 | D:4      | Killed Dowan
  3929 | D:4      | Identified the ring of Xiepotz {rPois rF+ rC+ Dex+3}
  4000 | D:4      | Found a sacrificial altar of Ru.
  4002 | D:4      | Found Jialio's Distillery.
  4010 | D:4      | Became a worshipper of Ru the Awakened
  4013 | D:4      | 4013 ||| BUYING 2 potions of curing (66 gold).
  4013 | D:4      | Bought 2 potions of curing for 66 gold pieces
  4013 | D:4      | 4013 ||| BUYING potion of cancellation (88 gold).
  4013 | D:4      | Bought a potion of cancellation for 88 gold pieces
  4013 | D:4      | 4013 ||| BUYING potion of curing (33 gold).
  4013 | D:4      | Bought a potion of curing for 33 gold pieces
  4013 | D:4      | 4013 ||| SHOPLISTING potion of haste (110 gold, have 33).
  4013 | D:4      | 4013 ||| SHOPLISTING potion of might (44 gold, have 33).
  4024 | D:4      | Found Guov's Assorted Antiques.
  4034 | D:4      | 4034 ||| SHOPLISTING chain mail (99 gold, have 33).
  4034 | D:4      | 4034 ||| BUYING fizzy pink potion (19 gold).
  4034 | D:4      | Bought a fizzy pink potion for 19 gold pieces
  4034 | D:4      | 4034 ||| SHOPLISTING potion of heal wounds (110 gold, have
                  | 14).
  4034 | D:4      | 4034 ||| SHOPLISTING purple potion (19 gold, have 14).
  4034 | D:4      | 4034 ||| SHOPLISTING scroll labelled HUOHEG MUUCU (22 gold,
                  | have 14).
  4034 | D:4      | 4034 ||| SHOPLISTING scroll of identify (44 gold, have 14).
  4156 | D:4      | Noticed Blork the orc
  4163 | D:4      | Killed Blork the orc
  4164 | D:4      | Reached skill level 8 in Axes
  4390 | D:4      | Found Lemyasuef's Magic Scroll Shop.
  4398 | D:4      | 4398 ||| SHOPLISTING scroll of enchant armour (90 gold,
                  | have 26).
  4398 | D:4      | 4398 ||| BUYING scroll of identify (24 gold).
  4398 | D:4      | Bought a scroll of identify for 24 gold pieces
  4398 | D:4      | 4398 ||| SHOPLISTING scroll of identify (24 gold, have 2).
  4398 | D:4      | 4398 ||| SHOPLISTING scroll of teleportation (36 gold, have
                  | 2).
  4557 | D:4      | Noticed Grinder
  4558 | D:4      | 4558 ||| Stepping ~*~*~tactically~*~*~ (hiding).
  4559 | D:4      | 4559 ||| Stepping ~*~*~tactically~*~*~ (hiding).
  4565 | D:4      | 4565 ||| Stepping ~*~*~tactically~*~*~ (hiding).
  4572 | D:4      | 4572 ||| FLEEEEING.
  4580 | D:4      | 4580 ||| FLEEEEING.
  4581 | D:4      | 4581 ||| FLEEEEING.
  4582 | D:4      | 4582 ||| FLEEEEING.
  4583 | D:4      | 4583 ||| FLEEEEING.
  4584 | D:4      | 4584 ||| FLEEEEING.
  4585 | D:4      | 4585 ||| FLEEEEING.
  4586 | D:4      | 4586 ||| FLEEEEING.
  4601 | D:4      | 4601 ||| FLEEEEING.
  4602 | D:4      | 4602 ||| FLEEEEING.
  4612 | D:4      | 4612 ||| FLEEEEING.
  4612 | D:4      | Paralysed by Grinder for 5 turns
  4622 | D:4      | Killed Grinder
  4623 | D:4      | Reached skill level 9 in Axes
  4623 | D:4      | Reached XP level 7. HP: 20/60 MP: 3/6
  4849 | D:4      | Found a staircase to the Ecumenical Temple.
  5057 | D:4      | Found a large runed translucent door.
  5059 | D:4      | Noticed qw's ghost (amateur MiFi)
  5127 | D:4      | 5127 ||| UPGRADING to +0 pair of gloves.
  5132 | D:4      | 5132 ||| UPGRADING to +0 plate armour.
  5142 | D:4      | 5142 ||| DROPPING +0 scale mail.
  5143 | D:4      | 5143 ||| UPGRADING to ring of Xiepotz {rPois rF+ rC+
                  | Dex+3}.
  5144 | D:4      | 5144 ||| READING scroll labelled HUOHEG MUUCU.
  5145 | D:4      | 5145 ||| READING scroll labelled JEKLUU GANOAGG.
  5146 | D:4      | 5146 ||| DRINKING 2 grey potions.
  5147 | D:4      | 5147 ||| READING 5 scrolls of identify.
  5147 | D:4      | 5147 ||| IDENTIFYING fizzy dark potion
  5148 | D:4      | 5148 ||| READING 4 scrolls of identify.
  5148 | D:4      | 5148 ||| IDENTIFYING ruby potion
  5149 | D:4      | 5149 ||| READING 3 scrolls of identify.
  5149 | D:4      | 5149 ||| IDENTIFYING fizzy pink potion
  5150 | D:4      | 5150 ||| DROPPING potion of attraction.
  5151 | D:4      | 5151 ||| DROPPING potion of lignification.
  5152 | D:4      | 5152 ||| DROPPING potion of flight.
  5153 | D:4      | 5153 ||| DROPPING potion of invisibility.
  5182 | D:5      | Entered Level 5 of the Dungeon
  5501 | D:5      | 5501 ||| Stepping ~*~*~tactically~*~*~ (hiding).
  5502 | D:5      | 5502 ||| Stepping ~*~*~tactically~*~*~ (hiding).
  5515 | D:5      | Reached skill level 10 in Axes
  5861 | D:5      | Reached XP level 8. HP: 62/68 MP: 7/7
  5914 | D:5      | 5914 ||| READING scroll of enchant weapon.
  5914 | D:5      | 5914 ||| ENCHANTING +1 war axe.
  6007 | D:5      | 6007 ||| INVOKING Sacrifice Nimbleness.
  6007 | D:5      | Gained mutation: You cannot train Dodging skill. [Ru
                  | sacrifice]
  6007 | D:5      | Reached * piety under Ru
  6052 | D:5      | 6052 ||| DROPPING +0 whip of electrocution.
  6204 | D:5      | Identified the +6 sling "Utileod" {venom, Str+3}
  6259 | D:5      | 6259 ||| READING scroll labelled LEUMEEPNIS.
  6260 | D:5      | 6260 ||| READING 3 scrolls of identify.
  6260 | D:5      | 6260 ||| IDENTIFYING purple potion
  6261 | D:5      | 6261 ||| DROPPING potion of brilliance.
  6288 | D:6      | Found a burning altar of Makhleb.
  6291 | D:6      | Noticed Menkaure
  6292 | D:6      | 6292 ||| Stepping ~*~*~tactically~*~*~ (hiding).
  6298 | D:6      | Killed Menkaure
  6299 | D:6      | Reached skill level 6 in Fighting
  6345 | D:6      | 6345 ||| FLEEEEING.
  6346 | D:6      | 6346 ||| FLEEEEING.
  6349 | D:6      | 6349 ||| STAIRDANCE
  6593 | D:6      | Found a runed translucent door.
  6594 | D:6      | Noticed Crazy Yiuf
  6658 | D:6      | Noticed Pikel
  6659 | D:6      | 6659 ||| Stepping ~*~*~tactically~*~*~ (stealth).
  6669 | D:6      | Killed Pikel
  6670 | D:6      | Reached skill level 11 in Axes
  6878 | D:6      | Reached XP level 9. HP: 77/78 MP: 6/8
  6953 | D:6      | Found a glowing silver altar of Zin.
  7131 | D:6      | 7131 ||| READING 3 scrolls of identify.
  7131 | D:6      | 7131 ||| IDENTIFYING amethyst potion
  7225 | D:7      | Noticed a gargoyle
  7230 | D:7      | Killed a gargoyle
  7231 | D:7      | Reached skill level 12 in Axes
  7308 | D:7      | 7308 ||| DROPPING +0 flail.
  7313 | D:7      | Noticed a gargoyle
  7322 | D:7      | Killed a gargoyle
  7512 | D:7      | 7512 ||| SWAPPING to +3 war axe.
  7513 | D:7      | 7513 ||| DROPPING +2 war axe.
  7517 | D:7      | Noticed a gargoyle
  7522 | D:7      | Killed a gargoyle
  7523 | D:7      | Reached skill level 6 in Armour
  7592 | D:7      | Noticed a gargoyle
  7600 | D:7      | Killed a gargoyle
  7613 | D:7      | Reached skill level 13 in Axes
  7619 | D:7      | HP: 18/79 [wight/+0 battleaxe (11)]
  7620 | D:7      | 7620 ||| READING 3 scrolls of teleportation.
  7621 | D:7      | 7621 ||| DRINKING potion of heal wounds.
  8127 | D:7      | 8127 ||| Stepping ~*~*~tactically~*~*~ (stealth).
  8200 | D:7      | Reached XP level 10. HP: 81/88 MP: 9/9
  8320 | D:7      | 8320 ||| Stepping ~*~*~tactically~*~*~ (hiding).
  8326 | D:7      | 8326 ||| Stepping ~*~*~tactically~*~*~ (hiding).
  8327 | D:7      | 8327 ||| Stepping ~*~*~tactically~*~*~ (hiding).
  8329 | D:7      | 8329 ||| Stepping ~*~*~tactically~*~*~ (stealth).
  8343 | D:7      | 8343 ||| Stepping ~*~*~tactically~*~*~ (hiding).
  8370 | D:7      | 8370 ||| Stepping ~*~*~tactically~*~*~ (stealth).
  8371 | D:7      | 8371 ||| Stepping ~*~*~tactically~*~*~ (stealth).
  8477 | D:7      | 8477 ||| Stepping ~*~*~tactically~*~*~ (hiding).
  8525 | D:7      | Noticed a gargoyle
  8530 | D:7      | Killed a gargoyle
  8531 | D:7      | Reached skill level 14 in Axes
  8712 | D:7      | 8712 ||| SWAPPING to +3 war axe of freezing.
  8713 | D:7      | 8713 ||| DROPPING +3 war axe.
  8900 | D:7      | 8900 ||| UPGRADING to ring of willpower.
  8902 | D:7      | 8902 ||| READING scroll labelled SOTISUTSAHIWK.
  8994 | D:8      | Found a broken altar of Ashenzari.
  8997 | D:8      | 8997 ||| Stepping randomly (disturbance).
  9051 | D:8      | 9051 ||| Stepping ~*~*~tactically~*~*~ (stealth).
  9061 | D:8      | 9061 ||| FLEEEEING.
  9062 | D:8      | 9062 ||| FLEEEEING.
  9063 | D:8      | 9063 ||| FLEEEEING.
  9148 | D:8      | Noticed a two-headed ogre
  9156 | D:8      | Killed a two-headed ogre
  9157 | D:8      | Reached skill level 15 in Axes
  9224 | D:8      | 9224 ||| INVOKING Sacrifice Love.
  9224 | D:8      | Gained mutation: You are hated by all. [Ru sacrifice]
  9224 | D:8      | Reached ** piety under Ru
  9224 | D:8      | Reached *** piety under Ru
  9289 | D:8      | 9289 ||| Stepping ~*~*~tactically~*~*~ (stealth).
  9291 | D:8      | 9291 ||| Stepping ~*~*~tactically~*~*~ (stealth).
  9293 | D:8      | 9293 ||| Stepping ~*~*~tactically~*~*~ (stealth).
  9303 | D:8      | 9303 ||| FLEEEEING.
  9304 | D:8      | 9304 ||| FLEEEEING.
  9310 | D:8      | Reached skill level 9 in Fighting
  9439 | D:8      | Found Valeg's Weapon Emporium.
  9448 | D:8      | 9448 ||| SHOPLISTING +12 morningstar "Onkukinu" {freeze,
                  | rC+ rCorr Int+2} (1183 gold, have 236).
  9596 | D:8      | Found a bloodstained altar of Trog.
  9597 | D:8      | 9597 ||| Stepping ~*~*~tactically~*~*~ (hiding).
  9598 | D:8      | 9598 ||| Stepping ~*~*~tactically~*~*~ (hiding).
  9605 | D:8      | 9605 ||| Stepping ~*~*~tactically~*~*~ (hiding).
  9606 | D:8      | 9606 ||| Stepping ~*~*~tactically~*~*~ (hiding).
  9764 | D:8      | Identified the ring of the Gazing Priest {Fire rElec rN++
                  | MP+9 Dex-4}
 10025 | D:9      | Noticed a gargoyle
 10033 | D:9      | Killed a gargoyle
 10389 | D:9      | 10389 ||| Stepping ~*~*~tactically~*~*~ (stealth).
 10389 | D:9      | Found a flagged portal.
 10390 | D:9      | 10390 ||| Stepping ~*~*~tactically~*~*~ (stealth).
 10491 | D:9      | 10491 ||| UPGRADING to +4 ring of protection.
 10493 | D:9      | 10493 ||| READING 8 scrolls of identify.
 10493 | D:9      | 10493 ||| IDENTIFYING murky black potion
 10507 | D:10     | Entered Level 10 of the Dungeon
 10522 | D:10     | 10522 ||| Stepping ~*~*~tactically~*~*~ (stealth).
 10533 | D:10     | Reached skill level 16 in Axes
 10657 | D:10     | Reached XP level 11. HP: 97/97 MP: 10/10
 10667 | D:10     | 10667 ||| INVOKING Sacrifice Skill.
 10667 | D:10     | Gained mutation: You are somewhat unskilled. (-1 Apt) [Ru
                  | sacrifice]
 10667 | D:10     | Reduced skill Axes to level 14
 10667 | D:10     | Reduced skill Throwing to level 1
 10667 | D:10     | Reduced skill Armour to level 6
 10667 | D:10     | Reached **** piety under Ru
 10700 | D:10     | Noticed a wizard
 10707 | D:10     | Killed a wizard
 10712 | D:10     | Noticed a wizard
 10720 | Abyss:3  | Cast into level 3 of the Abyss (a wizard)
 10798 | Abyss:3  | Reached skill level 15 in Axes
 10819 | Abyss:3  | Noticed an ancient lich
 10820 | Abyss:3  | 10820 ||| Stepping ~*~*~tactically~*~*~ (stealth).
 10821 | Abyss:3  | 10821 ||| Stepping ~*~*~tactically~*~*~ (stealth).
 10822 | Abyss:3  | 10822 ||| Stepping ~*~*~tactically~*~*~ (stealth).
 10827 | Abyss:3  | 10827 ||| DRINKING potion of cancellation.
 10828 | Abyss:3  | Noticed a large abomination
 10831 | Abyss:3  | Reached skill level 9 in Fighting
 10837 | Abyss:3  | Killed a large abomination
 10840 | Abyss:3  | Killed from afar by an ancient lich

Levels and vault maps discovered:
D:1:      lemuel_arrival_broad_hall, layout_loops_ring,
          ebering_ecumenical_altar_abandoned
D:2:      layout_loops_corners
D:3:      layout_basic, grunt_gozag_breadcrumbs, nicolae_uskayaw_en_pointe
D:4:      layout_layer_cave, overflow_temple_1_default,
          nicolae_kikubaaqudgha_miasma_corner, temple_hall_moat, serial_shops,
          shop, shop, nicolae_square_shop, nicolae_shop_hallway_plus,
          ebering_ghost_disaster_area, minmay_checkerbox, uniq_duvessa,
          uniq_blork_the_orc, uniq_grinder
D:5:      layout_cave_pods
D:6:      layout_cave_pools, kennysheep_mini, general_overflow_altar,
          uniq_menkaure, uniq_pikel, uniq_crazy_yiuf_cottage
D:7:      cheibrodos_statue_roulette, layout_loops_ring
D:8:      layout_cave_pools, trog_antimagical, mainiacjoe_overflow_catwalk,
          serial_shops, shop, minivault_19
D:9:      layout_irregular_city, enter_bailey_5
D:10:     minmay_smoke_and_mirrors, layout_cave_pools, vehumet_statue
Abyss:3:  base: D:8, hangedman_decor_points

Skill      XL: |  1  2  3  4  5  6  7  8  9 10 11 |
---------------+----------------------------------+-----
Axes           | 3 4 5 6 7 9 10 11 13 16 15 | 15.3
Dodging        | 1 0 |  0.0
Fighting       | 4 5 6 8 9 9 |  9.0
Armour         | 4 5 6 7 7 |  7.0
Throwing       | 2 1 |  1.7
Shields        | 5 |  5.3

Action                   |  1- 3 |  4- 6 |  7- 9 | 10-12 || total
-------------------------+-------+-------+-------+-------++-------
Melee: War axe           |    90 |    84 |   156 |   190 ||   520
       Headbutt          |    12 |     6 |    28 |    39 ||    85
Throw: Boomerang         |       |    26 |    62 |    34 ||   122
Invok: Sacrifice Nimblen |       |       |     1 |       ||     1
       Sacrifice Love    |       |       |       |     1 ||     1
       Sacrifice Skill   |       |       |       |     1 ||     1
  Use: Scroll            |     7 |     4 |    10 |     2 ||    23
       Potion            |     1 |     2 |     2 |     1 ||     6
 Stab: Distracted        |       |       |       |     1 ||     1
Armor: Scale mail        |    30 |    18 |     2 |       ||    50
       Plate armour      |       |       |    47 |    66 ||   113
Dodge: Dodged            |    31 |    38 |    36 |    30 ||   135
Block: Buckler           |    14 |    16 |    33 |    32 ||    95

Table legend:
 A = Non-vault XP
 B = Vault XP
 C = Vault XP percentage of total XP
 D = Non-vault monster count
 E = Vault monster count
 F = Vault count percentage of total count
                 A         B        C        D         E       F
            +---------+---------+-------+---------+---------+-------
      Total |    9824 |    4224 |  30.1 |     177 |      22 |  11.1
            +---------+---------+-------+---------+---------+-------
        D:1 |      37 |       0 |   0.0 |      19 |       0 |   0.0
        D:2 |      57 |       0 |   0.0 |      18 |       0 |   0.0
        D:3 |      41 |       0 |   0.0 |      15 |       0 |   0.0
        D:4 |     223 |     594 |  72.7 |       8 |       8 |  50.0
        D:5 |     706 |       0 |   0.0 |      16 |       0 |   0.0
        D:6 |     449 |     832 |  64.9 |       7 |       2 |  22.2
        D:7 |    1849 |    1803 |  49.4 |      39 |       5 |  11.4
        D:8 |    2626 |     335 |  11.3 |      22 |       3 |  12.0
        D:9 |    1071 |       5 |   0.5 |      13 |       3 |  18.8
       D:10 |     576 |     655 |  53.2 |      13 |       1 |   7.1
    Abyss:3 |    2189 |       0 |   0.0 |       7 |       0 |   0.0
            +---------+---------+-------+---------+---------+-------
